 Dungeon Crawl Stone Soup version 0.31-a0-145-g046c7d2549 (webtiles) character file.

Game seed: 2120909159017494541

249104 EnegeticOcto the Warrior (level 19, -1/179 HPs)
             Began as a Yellow Draconian Brigand on June 6, 2023.
             Was the Champion of Cheibriados.
             Slain by an entropy weaver (3 damage)
             ... on level 4 of the Spider Nest.
             The game lasted 01:22:16 (33862 turns).

EnegeticOcto the Warrior (DrBr)                    Turns: 33862, Time: 01:22:16

Health: -1/179     AC: 21    Str: 24 (25) XL:     19   Next: 26%
Magic:  3/30       EV: 42    Int: 31      God:    Cheibriados [******]
Gold:   2299       SH: 20    Dex: 31 (32) Spells: 9/32 levels left

rFire   + . .        a - +6 quick blade (flame)
rCold   + . .        c - +5 kite shield of Oshif {rC+ rN+ Str-4}
rNeg    + . .        (body armour unavailable)
rPois   +            o - +1 hat
rElec   +            C - +0 cloak
rCorr   +            b - +3 pair of gloves of Milyrale {Contam rF+ Regen+}
SInv    .            K - +0 pair of boots
Will    +....        X - dreamdust necklace {Acrobat}
Stlth   ++++         n - ring "Foegasa" {rElec rPois Int+3}
HPRegen 1.29/turn    Y - +4 ring of protection
MPRegen 0.22/turn

%: acrobat
@: short of breath, acrobatic, very slightly contaminated, very slow
A: spit acid, AC +10, unfitting armour, acidic bite, cold-blooded, acid
resistance, dopey 1, poison resistance
}: 1/15 runes: decaying
a: Breathe Acid, Renounce Religion, Bend Time, Temporal Distortion, Slouch, Step
From Time


You were on level 4 of the Spider Nest.
You worshipped Cheibriados.
Cheibriados was exalted by your worship.
You visited 6 branches of the dungeon, and saw 31 of its levels.
You also visited: Bailey and Gauntlet.

You collected 3614 gold pieces.
You spent 1315 gold pieces at shops.

Inventory:

Hand Weapons
 a - a +6 quick blade of flaming (weapon)
   (You acquired it on level 8 of the Dungeon)
 e - the +5 dagger of Valiance {freeze, Will+ Str-3 Dex+4}
   (You bought it in a shop on level 2 of the Orcish Mines)

   Str:       It affects your strength (-3).
   Dex:       It affects your dexterity (+4).
   Will:      It increases your willpower.
 D - the +9 staff of Olgreb {rPois∞}
   (You took it off Arachne on level 3 of the Spider Nest)

   It enhances your poison magic.
   It grants immunity to poison.
   It can be activated via the 'a'bility menu to radiate toxic energy, with
   effectiveness depending on Evocations skill.
 S - a +0 dagger of distortion
   (You took it off Sonja on level 4 of the Lair of Beasts)
Missiles
 d - 6 curare-tipped darts
 l - 4 throwing nets {!f}
 y - 10 javelins
Armour
 b - the +3 pair of gloves of Milyrale (worn) {Contam rF+ Regen+}
   (You found it on level 2 of the Lair of Beasts)

   rF:        It protects you from fire.
   Contam:    It causes magical contamination when unequipped.
   Regen:     It increases your rate of health regeneration.
 c - the +5 kite shield of Oshif (worn) {rC+ rN+ Str-4}
   (You found it on level 14 of the Dungeon)

   Str:       It affects your strength (-4).
   rC:        It protects you from cold.
   rN:        It protects you from negative energy.
 o - a +1 hat (worn)
   (You found it on level 4 of the Swamp)
 C - a +0 cloak (worn)
   (You took it off Crazy Yiuf on level 6 of the Dungeon)
 K - a +0 pair of boots (worn)
   (You found it on level 10 of the Dungeon)
Magical Staves
 L - the staff of earth "Nanexonk" {+Blink Str+3}
   (You found it on level 10 of the Dungeon)

   [staff of earth]

   Base accuracy: +5 Base damage: 5 Base attack delay: 1.2 This weapon's minimum
   attack delay (0.6) is reached at skill level 12.
   Str:       It affects your strength (+3).
   +Blink:    It lets you blink.
   It falls into the 'Staves' category.
   It is a one-handed weapon.
Jewellery
 g - the ring of Magiblaum {Will+ Str+3 Int-2 Dex+3 Slay+4}
   (You found it on level 14 of the Dungeon)

   [ring of slaying]

   Str:       It affects your strength (+3).
   Int:       It affects your intelligence (-2).
   Dex:       It affects your dexterity (+3).
   Slay:      It affects your accuracy & damage with ranged weapons and melee
   (+4).
   Will:      It increases your willpower.
 n - the ring "Foegasa" (left hand) {rElec rPois Int+3}
   (You acquired it on level 8 of the Dungeon)

   [ring of poison resistance]

   Int:       It affects your intelligence (+3).
   rElec:     It insulates you from electricity.
   rPois:     It protects you from poison.
 V - a ring of flight
   (You found it on level 13 of the Dungeon)
 X - the dreamdust necklace (around neck) {Acrobat}
   (You found it in a Gauntlet)

   [amulet of the acrobat]

   It increases your evasion while moving and waiting.
 Y - a +4 ring of protection (right hand)
   (You took it off a minotaur in a Gauntlet)
 Z - the ring "Copsem" {Dex+4 SInv}
   (You found it on level 14 of the Dungeon)

   [ring of see invisible]

   Dex:       It affects your dexterity (+4).
   SInv:      It lets you see invisible.
Wands
 h - a wand of iceblast (6) {@v2}
   (You found it on level 9 of the Dungeon)
 i - a wand of polymorph (17)
   (You found it on level 14 of the Dungeon)
 B - a wand of flame (43) {@v4}
   (You found it on level 5 of the Dungeon)
 P - a wand of light (39) {@v1}
   (You found it on level 1 of the Lair of Beasts)
 Q - a wand of mindburst (3)
   (You took it off a centaur on level 13 of the Dungeon)
 U - a wand of digging (9) {@v3}
   (You found it on level 4 of the Lair of Beasts)
Scrolls
 j - 10 scrolls of teleportation {@r3 !r}
 k - 3 scrolls of silence {!r}
 p - 6 scrolls of immolation
 q - 16 scrolls of identify {@r1}
 t - a scroll of butterflies
 x - 5 scrolls of vulnerability
 z - a scroll of poison
 A - 5 scrolls of magic mapping {@r5 !r}
 E - 4 scrolls of fog {!r}
 N - 3 scrolls of fear {!r}
 O - 2 scrolls of blinking {@r4}
Potions
 f - 5 potions of mutation
 m - 3 potions of cancellation
 r - 15 potions of curing {@q1 !q}
 s - 6 potions of brilliance
 F - 4 potions of heal wounds {@q2 !q}
 G - 5 potions of might {@q3 !q}
 H - 4 potions of magic
 I - a potion of resistance
 J - 3 potions of lignification {@q6}
 M - 2 potions of berserk rage
 T - 2 potions of attraction
Miscellaneous
 u - a box of beasts
   (You found it on level 2 of the Lair of Beasts)
 v - a phial of floods (inert)
   (You found it on level 5 of the Lair of Beasts)
 w - a tin of tremorstones (inert)
   (You found it on level 10 of the Dungeon)


   Skills:
 + Level 17.8 Fighting
 - Level 14.0 Short Blades
 - Level 1.7 Throwing
 - Level 14.0 Dodging
 - Level 5.0 Stealth
 + Level 11.8 Shields
 - Level 7.0 Spellcasting
 - Level 8.0 Conjurations
 - Level 8.0 Transmutations
 - Level 3.0 Air Magic
 - Level 9.0 Poison Magic
 - Level 15.0 Invocations
 - Level 8.1 Evocations


You had 9 spell levels left.
You knew the following spells:

 Your Spells              Type           Power      Damage    Failure   Level
a - Apportation           Tloc           20%        N/A       7%          1
b - Olgreb's Toxic Radia  Pois           61%        N/A       1%          4
c - Mephitic Cloud        Conj/Pois/Air  51%        N/A       1%          3
d - Wereblood             Tmut           57%        N/A       1%          2
e - Summon Small Mammal   Summ           40%        N/A       7%          1
f - Yara's Violent Unrav  Hex/Tmut       17%        3d8       36%         5
p - Passwall              Tmut/Erth      29%        N/A       1%          2
z - Irradiate             Conj/Tmut      28%        3d21      8%          5

Your spell library contained the following spells:

 Spells                   Type           Power      Damage    Failure   Level
 Beastly Appendage        Tmut           100%       N/A       1%          1
 Foxfire                  Conj/Fire      100%       2x1d9     1%          1
 Sting                    Tmut/Pois      100%       1d8       1%          1
 Cigotuvi's Dreadful Rot  Necr/Pois/Air  70%        N/A       1%          2
 Poisonous Vapours        Pois/Air       96%        N/A       1%          2
 Spider Form              Tmut/Pois      59%        N/A       1%          3
 Ignite Poison            Fire/Tmut/Pois 45%        N/A       2%          3
 Dazzling Flash           Conj/Hex       70%        N/A       4%          3
 Swiftness                Air            29%        N/A       6%          3
 Necrotise                Necr           40%        1d6       7%          1
 Iskenderun's Battlesphe  Conj           57%        2d11      8%          5
 Ensorcelled Hibernation  Hex/Ice        20%        N/A       11%         2
 Sublimation of Blood     Necr           10%        N/A       11%         2
 Fulminant Prism          Conj/Hex       17%        3d11      14%         4
 Ice Form                 Ice/Tmut       35%        N/A       14%         4
 Iskenderun's Mystic Bla  Conj/Tloc      35%        2d8       14%         4
 Petrify                  Tmut/Erth      35%        N/A       14%         4
 Sticky Flame             Conj/Fire      35%        2d5       14%         4
 Frozen Ramparts          Ice            20%        1d4       22%         3
 Inner Flame              Hex/Fire       10%        N/A       22%         3
 Volatile Blastmotes      Fire/Tloc      20%        2d11      22%         3
 Eringya's Noxious Bog    Tmut/Pois      29%        N/A       32%         6
 Fireball                 Conj/Fire      17%        3d9       36%         5
 Freezing Cloud           Conj/Ice/Air   16%        6-21      41%         5
 Anguish                  Hex/Necr       5%         N/A       56%         4
 Cause Fear               Hex            5%         N/A       56%         4
 Summon Ice Beast         Ice/Summ       10%        N/A       56%         4
 Silence                  Hex/Air        10%        N/A       71%         5
 Conjure Ball Lightning   Conj/Air       22%        3x3d6     75%         6
 Agony                    Necr           10%        N/A       89%         5
 Lee's Rapid Deconstruct  Erth           5%         3d6*      89%         5
 Summon Forest            Summ/Tloc      5%         N/A       89%         5
 Starburst                Conj/Fire      17%        6d6       91%         6
 Dragon Form              Tmut           28%        N/A       92%         7
 Orb of Destruction       Conj           28%        9d9       92%         7
 Plasma Beam              Fire/Air       10%        2x1d21    99%         6
 Enfeeble                 Hex            5%         N/A       100%        7
 Summon Hydra             Summ           5%         N/A       100%        7
 Ignition                 Fire           5%         3d4       100%        8
 Chain Lightning          Conj/Air       22%        3d29      100%        9
 Dragon's Call            Summ           5%         N/A       100%        9
 Fire Storm               Conj/Fire      17%        8d5       100%        9
 Shatter                  Erth           5%         3d8*      100%        9


Dungeon Overview and Level Annotations

Branches:
Dungeon (15/15) Zot: 37199  Temple (1/1) D:7 Zot: 8980    Lair (5/5) D:9 Zot: 35871
  Swamp (4/4) Lair:2 Zot: 30519  Spider (4/4) Lair:2 Zot: 29020   Slime (0/5) Lair:5
    Orc (2/2) D:11 Zot: 14134     Elf (0/3) Orc:2        Vaults (0/5) D:13
 Depths (0/4) D:15         Bailey (visited)         Gauntlet (visited)

Altars:
Ashenzari
Cheibriados
Dithmenos
Elyvilon
Fedhas
Gozag
Hepliaklqana
Kikubaaqudgha
Makhleb
Nemelex Xobeh
Okawaru
Qazlal
Ru
Sif Muna
Trog
Uskayaw
Vehumet
Wu Jian
Xom
Yredelemnul
Zin
The Shining One

Shops:
D:5 *   D:15 =   Orc:2 (:[*

Annotations:
Spider:2 1 runed translucent door, exclusion: door, Pogint's ghost, adept OpAE
Spider:3 Roxanne


Innate Abilities, Weirdness & Mutations

You can spit globs of acid.
Your golden yellow scales are hard. (AC +10)
You cannot fit into any form of body armour.
You have acidic saliva.
You are cold-blooded and may be slowed by cold attacks.
You are resistant to acid. (rCorr)
You are dopey. (Int -2)
Your system is resistant to poisons. (rPois)


Message History

You see here an orb spider corpse.
The wolf spider's many legs skitter.
You puncture Nikola! You burn Nikola. You hit Nikola. You burn Nikola.
Your bite misses Nikola.
Nikola is almost dead.
You block Nikola's attack.
The orb spider pulsates with a strange energy.
You hit Nikola. You burn Nikola. You bite Nikola, but do no damage.
You hit Nikola. You burn Nikola.
Nikola is almost dead.
The entropy weaver casts a spell at you.
You block Nikola's attack.
You hit Nikola but do no damage. You tail-slap Nikola.
You hit Nikola but do no damage. You tail-slap Nikola.
Nikola is almost dead.
The entropy weaver misses you.
The entropy weaver splashes around in the water. x3
You closely miss Nikola. You bite Nikola, but do no damage.
You hit Nikola but do no damage.
Nikola is almost dead.
Nikola gestures wildly while chanting.
Nikola blinks!
Nikola is caught in a web!
The entropy weaver hits you. The entropy weaver hits you!
You block the entropy weaver's attack. x2
Aiming: Iceblast
Press: ? - help, Shift-Dir - straight line, p - Nikola The mass of ice explodes!
The iceblast engulfs Nikola!!
You kill Nikola!
Cheibriados thoroughly appreciates the change of pace.
The iceblast engulfs the entropy weaver!!
The entropy weaver is heavily wounded.
You hear a faint skittering sound.
You hear an angry squeal.
The entropy weaver misses you.
You block the entropy weaver's attack. x2
The entropy weaver hits you but does no damage.
The wolf spider completely misses you. You block the wolf spider's attack.
The wolf spider completely misses you. You block the wolf spider's attack.
You block the entropy weaver's attack.
The entropy weaver completely misses you.
The entropy weaver hits you but does no damage. x2
You see here a culicivora corpse.
The entropy weaver is no longer covered in acid.
You block the wolf spider's attack. The wolf spider completely misses you.
The orb spider weaves a glowing orb of energy.
You block the entropy weaver's attack. The entropy weaver closely misses you.
The entropy weaver completely misses you. x2
The wolf spider completely misses you. You block the wolf spider's attack.
You block the entropy weaver's attack. The entropy weaver closely misses you.
The entropy weaver completely misses you.
The entropy weaver hits you!
An orb of destruction comes into view.
The entropy weaver attacks as you move away!
You block the entropy weaver's attack. The entropy weaver closely misses you.
The entropy weaver hits you! You block the entropy weaver's attack.
The wolf spider completely misses you. You block the wolf spider's attack.
The wolf spider misses you. The wolf spider completely misses you.
The orb of destruction hits you!!! The wolf spider completely misses you.
You block the wolf spider's attack.
The orb spider begins to weave its threads into a brightly glowing ball.
The entropy weaver completely misses you. x2
The entropy weaver hits you but does no damage.
The entropy weaver hits you! The tarantella completely misses you.
There is a stone staircase leading up, spattered with blood here.
Casting: Irradiate (dangerous; 8% risk of failure)
Confirm with . or Enter, or press ? or * to list all spells.
You miscast Irradiate.
Strange energies run through your body! You block the tarantella's attack.
The entropy weaver misses you. You block the entropy weaver's attack.
The entropy weaver closely misses you. x2; The wolf spider misses you.
The wolf spider completely misses you.
Activating: Slouch (0% risk of failure)
Press: ? - help, Dir - look around, f - activate You can feel time thicken for a moment.
You kill the tarantella!
Cheibriados thoroughly appreciates the change of pace.
You kill the redback!
Cheibriados appreciates the change of pace.
You are no longer corroded.
The wolf spider hits you! You block the wolf spider's attack.
The entropy weaver misses you.
You block the entropy weaver's attack. x2
The entropy weaver completely misses you.
The orb spider weaves a glowing orb of energy.
An orb of destruction comes into view.
Okay, then.
You block the entropy weaver's attack. The entropy weaver hits you.
The entropy weaver completely misses you.
The entropy weaver misses you. You block the wolf spider's attack.
The wolf spider misses you. The orb of destruction hits you!!!
Your necklace shatters, unleashing a wave of protective dreams!
You dream of life, friendship, and clouds.
You block the entropy weaver's attack. x2; The entropy weaver hits you.
The entropy weaver completely misses you.
The wolf spider hits you but does no damage.
The wolf spider completely misses you.
The entropy weaver completely misses you.
The entropy weaver closely misses you.
The entropy weaver completely misses you. x2
The wolf spider completely misses you. You block the wolf spider's attack.
Your tarantella misses the entropy weaver.
Your redback bites the wolf spider but does no damage.
You block the entropy weaver's attack. The entropy weaver hits you.
You die...

##... ^.... #......
##### ^......
#..^##.......
##§sss°.......
#§§@sss..^#...
..#§s§Bs........
#...§§§§††........#.
#........†..?......^
#.....^..............
##..............#^...###
#.....###^#......°.s...
###... ..........*†...
#... .............†.


You could see an entropy weaver (ally target), a wolf spider (ally target), an
orb spider, a friendly demonic crawler (summoned), 4 friendly tarantellas and a
friendly redback (summoned).

Vanquished Creatures
  the Lernaean hydra (Swamp:4)
  Saint Roka (Orc:2)
  Nikola (Spider:4)
  Arachne (Spider:3)
  Jorgrun (Orc:2)
  A tentacled monstrosity (Swamp:4)
  Asterion (Spider:3)
  2 thorn hunters
  5 emperor scorpions
  Aizul (Spider:3)
  4 ghost moths
  A balrug (D:14)
  3 broodmothers (Spider:3)
  An orc warlord (Orc:2)
  2 eleionomae
  Nessos (Orc:2)
  3 bunyips
  A minotaur (Gauntlet)
  2 dire elephants (Spider:2)
  2 spark wasps (Spider:3)
  Snorg (D:13)
  Josephine (D:10)
  3 shambling mangroves
  5 entropy weavers
  A yaktaur captain (D:14)
  An ogre mage (D:15)
  A ghost crab (Swamp:3)
  18 hydras
  Erica (Lair:2)
  4 catoblepae
  A spriggan air mage (Swamp:4)
  A radroach (Spider:3)
  3 centaur warriors
  2 dancing weapons (D:13)
  3 jorogumos
  8 two-headed ogres
  3 tengu warriors (D:15)
  7 alligators
  7 boulder beetles
  10 demonic crawlers
  2 vampire magi
  17 death yaks
  Urug (Lair:2)
  A deep elf knight (Spider:2)
  Sonja (Lair:4)
  An orc high priest (Orc:2)
  Amaemon (Lair:1)
  7 pharaoh ants
  2 skeletal warriors (D:15)
  A sun moth (Spider:4)
  5 goliath frogs
  A death drake (Swamp:2)
  A sixfirhy (Gauntlet)
  4 spriggan druids
  11 bog bodies
  11 orb spiders
  6 steelbarb worms
  10 swamp dragons
  A deep elf archer (Spider:2)
  A necromancer (D:15)
  A golden dragon skeleton (D:15)
  6 orc knights
  20 wolf spiders
  2 deep elf pyromancers
  3 cyclopes
  5 will-o-the-wisps
  A fire giant zombie (D:15)
  4 manticores
  14 ugly things
  3 orc sorcerers (Orc:2)
  6 moths of wrath
  3 black mambas
  5 elephants
  A smoke demon (Gauntlet)
  3 gargoyles
  A rime drake (Lair:1)
  9 cane toads
  An orange demon (Lair:1)
  3 kobold demonologists (D:12)
  7 komodo dragons
  6 torpor snails
  A spriggan zombie (D:15)
  A hellion (Gauntlet)
  A meliai (Spider:3)
  18 tarantellas
  10 trolls
  2 polar bears
  A polar bear (shapeshifter) (D:13)
  Grinder (D:3)
  8 tyrant leeches
  18 hornets
  17 blink frogs
  14 dream sheep
  A raiju (Spider:2)
  29 culicivoras
  24 jumping spiders
  18 slime creatures (D:12)
  A wyvern (D:9)
  A spriggan skeleton (D:15)
  A vampire (D:11)
  14 spriggans
  Sigmund (D:2)
  8 wraiths
  A fire elemental (Lair:3)
  2 fire bats (Lair:3)
  76 yaks
  5 vampire mosquitoes
  3 steam dragons
  3 hogs (Spider:4)
  8 basilisks
  68 redbacks
  7 wargs
  16 swamp worms
  2 hell hounds (Gauntlet)
  18 water moccasins
  38 orc warriors
  11 swamp drakes
  2 ice beasts
  23 wolves
  16 ogres
  12 centaurs
  7 kobold brigands
  5 gnoll sergeants
  16 bullfrogs
  A scorpion (D:4)
  3 killer bees (D:9)
  A howler monkey (D:12)
  4 electric eels
  6 crimson imps
  A lava snake (Lair:3)
  Crazy Yiuf (D:6)
  7 hounds
  18 orc priests
  4 iguanas
  A sleepcap (D:5)
  38 orc wizards
  5 adders
  18 gnolls
  2 white imps
  4 ufetubi (Gauntlet)
  2 worms
  2 dart slugs (D:3)
  82 orcs
  3 bats
  5 endoplasms
  3 giant cockroaches
  6 goblins
  10 hobgoblins
  8 jackals
  4 quokkas
  6 ball pythons
  5 frilled lizards
  24 kobolds
  5 rats
1113 creatures vanquished.

Vanquished Creatures (others)
  A demonic crawler (Spider:4)
  A wizard (D:14)
  A bloated husk (Swamp:1)
  A culicivora (Spider:4)
  22 foxfires
26 creatures vanquished.

Grand Total: 1139 creatures vanquished

Notes
Turn   | Place    | Note
-------+----------+-------------------------------------------
     0 | D:1      | EnegeticOcto the Draconian Brigand began the quest for the
                  | Orb.
     0 | D:1      | Reached XP level 1. HP: 17/17 MP: 1/1
   171 | D:1      | Reached skill level 3 in Fighting
   207 | D:1      | Reached XP level 2. HP: 26/26 MP: 2/2
   860 | D:2      | Noticed Sigmund
   872 | D:2      | Killed Sigmund
   873 | D:2      | Reached skill level 4 in Fighting
   873 | D:2      | Reached skill level 4 in Short Blades
   873 | D:2      | Reached XP level 3. HP: 33/33 MP: 3/3
   873 | D:2      | Reached XP level 4. HP: 40/40 MP: 4/4
   873 | D:2      | Reached XP level 5. HP: 46/46 MP: 5/5
  1523 | D:3      | Reached skill level 5 in Short Blades
  2081 | D:3      | Noticed Grinder
  2495 | D:4      | Noticed an ogre
  2565 | D:4      | Killed an ogre
  2566 | D:4      | Reached skill level 6 in Short Blades
  2566 | D:4      | Reached XP level 6. HP: 15/52 MP: 6/6
  2937 | D:4      | Found an opulent altar of Gozag.
  2938 | D:4      | Found a sparkling altar of Nemelex Xobeh.
  2978 | D:5      | Entered Level 5 of the Dungeon
  3086 | D:5      | Noticed a water moccasin
  3149 | D:5      | Reached skill level 7 in Short Blades
  3149 | D:5      | Your scales start taking on a golden yellow colour.
  3149 | D:5      | Reached XP level 7. HP: 52/59 MP: 7/7
  3149 | D:5      | Gained mutation: You are resistant to acid. (rCorr) [Yellow
                  | Draconian growth]
  3202 | D:5      | Found Buryz's Assorted Antiques.
  3212 | D:5      | Bought a scroll of identify for 44 gold pieces
  3738 | D:3      | Paralysed by Grinder for 2 turns
  3750 | D:3      | Killed Grinder
  3751 | D:3      | Reached skill level 8 in Short Blades
  3960 | D:5      | Reached skill level 9 in Short Blades
  3960 | D:5      | Reached XP level 8. HP: 66/66 MP: 8/8
  4245 | D:6      | Reached skill level 10 in Short Blades
  4580 | D:6      | Reached skill level 4 in Stealth
  4643 | D:6      | Reached skill level 5 in Fighting
  4763 | D:6      | Reached skill level 5 in Stealth
  4823 | D:6      | Reached skill level 6 in Fighting
  4842 | D:6      | Reached XP level 9. HP: 71/78 MP: 9/9
  4866 | D:6      | Reached skill level 7 in Fighting
  4866 | D:6      | Reached skill level 1 in Dodging
  4889 | D:6      | Reached skill level 2 in Dodging
  4894 | D:6      | Reached skill level 3 in Dodging
  5138 | D:6      | Found a runed translucent door.
  5139 | D:6      | Noticed Crazy Yiuf
  5312 | D:6      | Killed Crazy Yiuf
  5570 | D:7      | Reached skill level 4 in Dodging
  5750 | D:7      | Reached skill level 5 in Dodging
  5764 | D:7      | Found a shimmering altar of Xom.
  5876 | D:7      | Found a hide-covered altar of Uskayaw.
  5914 | D:7      | Found a staircase to the Ecumenical Temple.
  5950 | Temple   | Entered the Ecumenical Temple
  5957 | Temple   | Became a worshipper of Cheibriados the Contemplative
  6012 | D:7      | Learned a level 1 spell: Apportation
  6018 | D:7      | Learned a level 5 spell: Irradiate
  6020 | D:7      | Learned a level 1 spell: Summon Small Mammal
  6293 | D:8      | Reached skill level 1 in Transmutations
  6326 | D:8      | Reached skill level 1 in Conjurations
  6333 | D:8      | Reached skill level 1 in Spellcasting
  6348 | D:8      | Identified 2 scrolls of acquirement
  6363 | D:8      | Acquired the ring "Foegasa" {rElec rPois Int+3}
  6364 | D:8      | Acquired a +1 quick blade of flaming
  6413 | D:8      | Reached skill level 8 in Fighting
  6420 | D:8      | Reached * piety under Cheibriados
  6658 | D:8      | Reached skill level 2 in Conjurations
  6658 | D:8      | Reached skill level 2 in Transmutations
  6841 | D:9      | Found a staircase to the Lair.
  6841 | D:9      | Noticed an elephant
  6862 | D:9      | Killed an elephant
  6863 | D:9      | Reached skill level 2 in Spellcasting
  6863 | D:9      | Reached XP level 10. HP: 76/88 MP: 11/13
  6980 | D:9      | Found an iron altar of Okawaru.
  7020 | D:9      | Reached skill level 3 in Conjurations
  7020 | D:9      | Reached skill level 3 in Transmutations
  7105 | D:9      | Reached skill level 3 in Spellcasting
  7158 | D:9      | Reached ** piety under Cheibriados
  7427 | D:9      | Noticed a two-headed ogre
  7475 | D:9      | Killed a two-headed ogre
  7476 | D:9      | Reached skill level 9 in Fighting
  7476 | D:9      | Reached skill level 4 in Conjurations
  7476 | D:9      | Reached skill level 4 in Transmutations
  7588 | D:9      | Learned a level 3 spell: Mephitic Cloud
  7758 | D:9      | Found an ornate altar of the Wu Jian Council.
  7830 | D:10     | Entered Level 10 of the Dungeon
  7830 | D:10     | Noticed Josephine
  7846 | D:10     | Noticed a boulder beetle
  7856 | D:10     | Killed a boulder beetle
  7857 | D:10     | Reached skill level 4 in Spellcasting
  7857 | D:10     | Reached skill level 1 in Air Magic
  7857 | D:10     | Reached skill level 1 in Poison Magic
  7909 | D:10     | Found a flagged portal.
  7920 | Bailey   | Entered a bailey
  8177 | Bailey   | Noticed an orc knight
  8194 | Bailey   | Killed an orc knight
  8195 | Bailey   | Reached skill level 2 in Air Magic
  8195 | Bailey   | Reached skill level 2 in Poison Magic
  8567 | Bailey   | Gained mutation: You sometimes lose your temper in combat.
                  | [potion of mutation]
  8567 | Bailey   | Gained mutation: Your tail ends in a venomous barb. [potion
                  | of mutation]
  8567 | Bailey   | Gained mutation: Your spells are a little easier to cast,
                  | but a little less powerful. [potion of mutation]
  8568 | Bailey   | Lost mutation: Your spells are a little easier to cast, but
                  | a little less powerful. [potion of mutation]
  8568 | Bailey   | Lost mutation: Your tail ends in a venomous barb. [potion
                  | of mutation]
  8568 | Bailey   | Lost mutation: You sometimes lose your temper in combat.
                  | [potion of mutation]
  8568 | Bailey   | Gained mutation: You are dopey. (Int -2) [potion of
                  | mutation]
  8568 | Bailey   | Gained mutation: Your system is resistant to poisons.
                  | (rPois) [potion of mutation]
  8754 | D:10     | Reached *** piety under Cheibriados
  8817 | D:10     | Found a glowing silver altar of Zin.
  8905 | D:10     | Noticed a two-headed ogre
  8920 | D:10     | Killed a two-headed ogre
  8921 | D:10     | Reached skill level 5 in Conjurations
  8921 | D:10     | Reached skill level 5 in Transmutations
  8921 | D:10     | Reached XP level 11. HP: 58/97 MP: 11/17
  8967 | D:10     | Identified the staff of earth "Nanexonk" {+Blink Str+3}
  9240 | Lair:1   | Entered Level 1 of the Lair of Beasts
  9545 | Lair:1   | Reached skill level 3 in Poison Magic
  9666 | Lair:1   | Reached skill level 3 in Air Magic
  9879 | Lair:1   | Noticed Amaemon
  9895 | Lair:1   | Reached skill level 6 in Conjurations
  9895 | Lair:1   | Reached skill level 6 in Transmutations
  9901 | Lair:1   | Killed Amaemon
 10052 | Lair:1   | Reached skill level 7 in Transmutations
 10054 | Lair:1   | Reached skill level 7 in Conjurations
 10056 | Lair:1   | Reached **** piety under Cheibriados
 10296 | Lair:2   | Identified the +3 pair of gloves of Milyrale {Contam rF+
                  | Regen+}
 10316 | Lair:2   | Reached skill level 1 in Invocations
 10367 | Lair:2   | Reached skill level 8 in Transmutations
 10368 | Lair:2   | Reached skill level 8 in Conjurations
 10368 | Lair:2   | Reached skill level 2 in Invocations
 10483 | Lair:2   | Noticed a six-headed hydra
 10546 | Lair:2   | Reached skill level 3 in Invocations
 10561 | Lair:2   | Noticed Erica
 10567 | Lair:2   | Killed Erica
 10568 | Lair:2   | Reached skill level 5 in Spellcasting
 10568 | Lair:2   | Reached XP level 12. HP: 96/104 MP: 13/19
 10636 | Lair:2   | Killed a six-headed hydra
 10637 | Lair:2   | Reached skill level 4 in Invocations
 10757 | Lair:2   | Noticed a six-headed hydra
 10764 | Lair:2   | Killed a six-headed hydra
 10913 | Lair:2   | Noticed Urug
 10918 | Lair:2   | Killed Urug
 10971 | Lair:2   | Identified the +8 trident of the Nexus {protect, rPois
                  | Int+4 Dex+3}
 10980 | Lair:2   | Found a hole to the Spider Nest.
 10992 | Lair:2   | Reached ***** piety under Cheibriados
 10993 | Lair:2   | Reached skill level 6 in Spellcasting
 10993 | Lair:2   | Reached skill level 5 in Invocations
 11092 | Lair:2   | Reached skill level 1 in Evocations
 11494 | Lair:3   | Reached skill level 2 in Evocations
 11531 | Lair:3   | Reached skill level 6 in Invocations
 11608 | Lair:3   | Reached skill level 3 in Evocations
 11718 | Lair:3   | Reached skill level 7 in Spellcasting
 11802 | Lair:3   | Reached skill level 7 in Invocations
 11802 | Lair:3   | Reached skill level 4 in Evocations
 12513 | Lair:4   | Reached skill level 5 in Evocations
 12516 | Lair:4   | Noticed Sonja
 12520 | Lair:4   | Killed Sonja
 12521 | Lair:4   | Reached skill level 8 in Invocations
 12583 | Lair:4   | Identified the +3 helmet "Zaniari" {rElec Int+3}
 12588 | Lair:4   | Noticed a five-headed hydra
 12598 | Lair:4   | Killed a five-headed hydra
 12645 | Lair:4   | Reached XP level 13. HP: 111/111 MP: 21/23
 12753 | Lair:4   | Reached skill level 6 in Evocations
 12770 | Lair:4   | Reached skill level 9 in Invocations
 12858 | Lair:4   | Reached ****** piety under Cheibriados
 12862 | Lair:4   | Reached skill level 10 in Invocations
 13325 | Lair:4   | Reached skill level 6 in Dodging
 13559 | Lair:5   | Entered Level 5 of the Lair of Beasts
 13574 | Lair:5   | Found a gate leading to a gauntlet.
 13599 | Lair:5   | Reached skill level 7 in Dodging
 13641 | Gauntlet | Entered a Gauntlet
 13641 | Gauntlet | Found a transporter.
 13646 | Gauntlet | Found a transporter.
 13650 | Gauntlet | Found a transporter.
 13659 | Gauntlet | Found a transporter.
 13662 | Gauntlet | Found a transporter.
 13670 | Gauntlet | Found a transporter.
 13674 | Gauntlet | Found a transporter.
 13683 | Gauntlet | Found a transporter.
 13686 | Gauntlet | Found a transporter.
 13694 | Gauntlet | Found a transporter.
 13694 | Gauntlet | Found the dreamshard necklace {Acrobat *Dream}
 13715 | Gauntlet | Found a transporter.
 13727 | Gauntlet | Found a transporter.
 13742 | Gauntlet | Found a transporter.
 13755 | Gauntlet | Found a transporter.
 14043 | Gauntlet | Reached skill level 8 in Dodging
 14146 | Gauntlet | Identified the +2 broad axe of Ynudomeb {heavy, rF++ MP-9
                  | Dex+4}
 14146 | Gauntlet | Noticed a minotaur
 14160 | Gauntlet | Killed a minotaur
 14328 | Lair:5   | Reached skill level 1 in Shields
 14398 | Lair:4   | Reached skill level 2 in Shields
 14399 | Lair:4   | Reached skill level 9 in Dodging
 14519 | Lair:5   | Reached skill level 3 in Shields
 14740 | Lair:5   | Gained mutation: You have acidic saliva. [Yellow Draconian
                  | growth]
 14740 | Lair:5   | Reached XP level 14. HP: 102/118 MP: 24/24
 15195 | Lair:5   | Reached skill level 4 in Shields
 15223 | Lair:5   | Reached skill level 11 in Short Blades
 15505 | Lair:5   | Reached skill level 5 in Shields
 15510 | Lair:5   | Reached skill level 10 in Dodging
 15884 | Lair:5   | Found a staircase to the Slime Pits.
 16062 | D:10     | Killed Josephine
 16189 | D:11     | Reached skill level 6 in Shields
 16407 | D:11     | Found a staircase to the Orcish Mines.
 16422 | D:11     | Reached skill level 12 in Short Blades
 16473 | D:11     | Identified the +3 quarterstaff of Insomnia {protect, *Slow
                  | rC+ Dex+3}
 16543 | D:11     | Reached skill level 7 in Shields
 16562 | D:11     | Found an iron altar of Okawaru.
 16883 | Orc:1    | Entered Level 1 of the Orcish Mines
 17048 | Orc:2    | Entered Level 2 of the Orcish Mines
 17583 | Orc:1    | Found a shimmering blue altar of Sif Muna.
 17673 | Orc:2    | Noticed Saint Roka
 17686 | Orc:2    | Killed Saint Roka
 17687 | Orc:2    | Reached skill level 8 in Shields
 17953 | Orc:2    | Reached skill level 13 in Short Blades
 18354 | Orc:2    | Noticed Jorgrun
 18366 | Orc:2    | Killed Jorgrun
 18367 | Orc:2    | Reached XP level 15. HP: 96/124 MP: 17/25
 18664 | Orc:2    | Noticed Nessos
 18668 | Orc:2    | Killed Nessos
 19156 | Orc:2    | Found Qenuuc's Antique Armour Boutique.
 19164 | Orc:2    | Found Voun's General Store.
 19174 | Orc:2    | Found Ducsiefa's Book Boutique.
 19178 | Orc:2    | Reached skill level 14 in Short Blades
 19387 | Orc:2    | Found a staircase to the Elven Halls.
 19457 | Orc:2    | Found Laiguk's Antique Weapon Boutique.
 19464 | Orc:2    | Bought a dazzling dagger for 231 gold pieces
 19464 | Orc:2    | Identified the +5 dagger of Valiance {freeze, Will+ Str-3
                  | Dex+4} (You bought it in a shop on level 2 of the Orcish
                  | Mines)
 19612 | Orc:2    | Bought a manual of Fighting for 1040 gold pieces
 19798 | D:12     | Identified the +4 ring mail of Marinebb {rF+ Str-4 Int+4}
 19965 | D:12     | Reached skill level 10 in Fighting
 20867 | D:13     | Reached skill level 11 in Fighting
 20867 | D:13     | Reached skill level 9 in Shields
 20894 | D:13     | Found a gate to the Vaults.
 21163 | D:13     | Found a burning altar of Makhleb.
 21321 | D:13     | Noticed Snorg
 21330 | D:13     | Killed Snorg
 21900 | D:14     | Reached skill level 12 in Fighting
 21907 | D:14     | Found a transporter.
 22055 | D:14     | Found a radiant altar of Vehumet.
 22096 | D:14     | Identified the +5 kite shield of Oshif {rC+ rN+ Str-4}
 22395 | D:14     | Found a transporter.
 22528 | D:15     | Entered Level 15 of the Dungeon
 22541 | D:15     | Found Jusuqour's Jewellery Shop.
 22578 | D:15     | Reached skill level 10 in Shields
 22630 | D:15     | Reached skill level 13 in Fighting
 22733 | D:15     | Found a staircase to the Depths.
 23024 | D:15     | Reached skill level 14 in Fighting
 23638 | D:15     | Reached skill level 11 in Dodging
 24020 | D:14     | Reached XP level 16. HP: 99/146 MP: 1/26
 24725 | D:14     | Identified the ring of Joel {rF+ Str-2 Int+3 Dex+2}
 24728 | D:14     | Identified the ring "Copsem" {Dex+4 SInv}
 24731 | D:14     | Identified the ring of Magiblaum {Will+ Str+3 Int-2 Dex+3
                  | Slay+4}
 24737 | D:14     | Identified the ring of Uskayaw's Delight {rElec Str+5 Int+6
                  | Slay-3}
 24764 | D:14     | Reached skill level 8 in Evocations
 24764 | D:14     | Reached XP level 17. HP: 152/152 MP: 27/27
 24953 | Spider:1 | Entered Level 1 of the Spider Nest
 24996 | Lair:2   | Learned a level 2 spell: Wereblood
 24999 | Lair:2   | Learned a level 2 spell: Passwall
 25004 | Lair:2   | Learned a level 4 spell: Olgreb's Toxic Radiance
 25010 | Lair:2   | Learned a level 5 spell: Yara's Violent Unravelling
 25071 | Lair:2   | Found a staircase to the Swamp.
 25085 | Swamp:1  | Entered Level 1 of the Swamp
 25568 | Swamp:1  | Reached skill level 4 in Poison Magic
 25915 | Swamp:2  | Reached skill level 12 in Dodging
 25924 | Swamp:2  | Reached skill level 5 in Poison Magic
 26206 | Swamp:2  | Found an ancient bone altar of Kikubaaqudgha.
 26456 | Swamp:3  | Reached skill level 6 in Poison Magic
 26625 | Swamp:3  | Identified the +4 great sword of Vytwempi {flame, *Slow
                  | rCorr Int+5 Stlth+}
 26986 | Swamp:3  | Reached skill level 7 in Poison Magic
 27106 | Swamp:3  | Identified the +4 hand axe of Wondrous Power {pain, Drain
                  | rCorr SInv}
 27106 | Swamp:3  | Identified the +2 leather armour "Ritzaku" {Dex+5 Stlth+}
 27384 | Swamp:4  | Entered Level 4 of the Swamp
 27421 | Swamp:4  | Reached skill level 13 in Dodging
 27422 | Swamp:4  | Noticed a tentacled monstrosity
 27432 | Swamp:4  | Killed a tentacled monstrosity
 27604 | Swamp:4  | Reached skill level 8 in Poison Magic
 27859 | Swamp:4  | Noticed the 27-headed Lernaean hydra
 27863 | Swamp:4  | Killed the 27-headed Lernaean hydra
 27888 | Swamp:4  | Reached skill level 9 in Poison Magic
 27910 | Swamp:4  | Got a decaying rune of Zot
 27961 | Swamp:4  | Reached skill level 14 in Dodging
 28079 | Swamp:4  | Reached XP level 18. HP: 161/161 MP: 28/28
 28745 | Spider:1 | Reached skill level 15 in Fighting
 28804 | Spider:1 | Reached skill level 11 in Invocations
 29155 | Spider:1 | Reached skill level 16 in Fighting
 29370 | Spider:1 | Reached skill level 12 in Invocations
 30151 | Spider:2 | Reached skill level 13 in Invocations
 30685 | Spider:2 | Reached skill level 14 in Invocations
 30826 | Spider:2 | Found a runed translucent door.
 30828 | Spider:2 | Found a shimmering altar of Xom.
 30828 | Spider:2 | Noticed Pogint's ghost (adept OpAE)
 31172 | Spider:3 | Noticed Asterion
 31184 | Spider:3 | Killed Asterion
 31298 | Spider:3 | Noticed Arachne
 31317 | Spider:3 | Killed Arachne
 31436 | Spider:3 | Reached skill level 15 in Invocations
 32085 | Spider:3 | Noticed Aizul
 32105 | Spider:3 | Killed Aizul
 32221 | Spider:3 | Identified Roxanne's Volume of Alteration
 32221 | Spider:3 | Noticed Roxanne
 32502 | Spider:3 | Reached skill level 17 in Fighting
 32642 | Spider:3 | Reached XP level 19. HP: 164/177 MP: 30/30
 32814 | Spider:4 | Entered Level 4 of the Spider Nest
 32821 | Spider:4 | Reached skill level 11 in Shields
 33518 | Spider:4 | Noticed Nikola
 33855 | Spider:4 | Killed Nikola
 33862 | Spider:4 | Slain by an entropy weaver

Illustrated notes

Levels and vault maps discovered:
D:1:      heliophobic_arrival_ceremonial_halls, layout_loops_ring,
          minmay_liquid_box
D:2:      layout_loops_cross, uniq_sigmund
D:3:      layout_loops_cross, corexii_corridor_pit, minmay_between, uniq_grinder
D:4:      layout_loops_ring, grunt_temple_overflow_opulence
D:5:      layout_rooms, serial_shops, shop
D:6:      layout_loops_ring, chequers_big_river, minivault_23,
          uniq_crazy_yiuf_cottage
D:7:      layout_cave_pools, nicolae_uskayaw_suspiria, led_xom_imps,
          minmay_temple_entry_statues_fountains
D:8:      layout_loops_ring
D:9:      layout_cave_pools, pf_just_have_faith, lemuel_round_altar,
          david_lair_generic
D:10:     layout_roguey, zin_academy, enter_bailey_2, uniq_josephine
D:11:     layout_cave_pools, kennysheep_orc_monster_closet_entryway,
          okawaru_altar_gauntlet_db
D:12:     layout_loops_corners
D:13:     layout_stronghold, erik_vaults_1, makhleb_altar_promises_db,
          uniq_snorg
D:14:     gammafunk_its_a_trap, layout_gridville, nicolae_vehumet_altar_sigil
D:15:     gammafunk_depths_entry_grave, layout_loops_corners,
          grunt_decor_one_mirror, minmay_shop_enchanted_jewellery
Temple:   nicolae_temple_no_exploring_needed
Lair:1:   layout_big_grid, uniq_amaemon
Lair:2:   beast_lair_carwin_large_3, layout_misc_corridors,
          palyth_hydra_swamp_entry, spider_nest_entry_funnel_web, uniq_urug,
          uniq_erica
Lair:3:   layout_chaotic_city
Lair:4:   layout_loops_ring, serial_bayou_pond_d, grunt_megastairs_2,
          serial_bayou_shore_b, uniq_sonja
Lair:5:   evilmike_catoblepas_cave, layout_misc_corridors,
          dpeg_slime_entry_enclosed, gauntlet_entry_generic
Swamp:1:  nicolae_swamp_ascending_descending, layout_basic_swamp,
          wheals_swamp_sinkhole, infiniplex_staircase_pool_2
Swamp:2:  layout_basic_swamp, nicolae_swamp_godswood,
          cheibrodos_swamp_pet_leeches
Swamp:3:  layout_falls_marsh, nicolae_swamp_orc_logging_accident, swamp_pool5
Swamp:4:  grunt_swamp_rune_castle, layout_basic_swamp, hangedman_swamp_lotus,
          hangedman_swamp_diagram, infiniplex_staircase_pool
Spider:1: layout_spider_delve, nicolae_spider_wall_of_niches
Spider:2: layout_spider_delve, ebering_ghost_xom, beargit_elvish_explorers
Spider:3: nicolae_spider_brood_tunnel, nicolae_spider_twisty_arc_passages,
          uniq_asterion, uniq_roxanne, uniq_aizul, uniq_arachne
Spider:4: grunt_spider_rune_island, nicolae_spider_circle_web, uniq_kirke,
          uniq_nikola
Orc:1:    layout_diamond_mine, kennysheep_orc_sif_temple
Orc:2:    grunt_orc_cross, layout_diamond_mine, basic_altar, uniq_nessos,
          uniq_jorgrun, uniq_saint_roka

Skill      XL: |  1  2  3  4  5  6  7  8  9 10 11 12 13 14 15 16 17 18 19 |
---------------+----------------------------------------------------------+-----
Fighting       | 3 4 6 8 9 14 17 | 17.8
Short Blades   | 4 6 7 9 10 13 14 | 14.0
Stealth        | 5 |  5.0
Dodging        | 5 9 10 11 14 | 14.0
Transmutations | 2 5 8 |  8.0
Conjurations   | 2 5 8 |  8.0
Spellcasting   | 2 4 5 7 |  7.0
Air Magic      | 2 3 |  3.0
Poison Magic   | 2 3 9 |  9.0
Invocations    | 3 8 10 15 | 15.0
Evocations     | 5 6 8 |  8.1
Shields        | 3 8 10 11 | 11.8
Throwing       | |  1.7

Action                     |  1- 3 |  4- 6 |  7- 9 | 10-12 | 13-15 | 16-18 | 19-21 || total
---------------------------+-------+-------+-------+-------+-------+-------+-------++-------
  Melee: Dagger            |    51 |       |       |       |       |       |       ||    51
         Tailslap          |     5 |    20 |    65 |   165 |   523 |   509 |    54 ||  1341
         Short sword       |    12 |   183 |   241 |    12 |       |       |       ||   448
         Punch             |     1 |     1 |     8 |    13 |    14 |       |       ||    37
         Quick blade       |       |       |    65 |   813 |  2138 |  1932 |   180 ||  5128
         Rapier            |       |       |    50 |       |       |       |       ||    50
         Bite              |       |       |       |       |   328 |   427 |    39 ||   794
  Throw: Dart              |     1 |     9 |     6 |    24 |    10 |       |       ||    50
         Javelin           |       |       |       |     1 |       |       |       ||     1
   Cast: Mephitic Cloud    |       |       |       |    25 |    19 |       |       ||    44
         Irradiate         |       |       |       |    13 |    51 |    44 |     6 ||   114
         Apportation       |       |       |       |       |     1 |       |       ||     1
         Wereblood         |       |       |       |       |       |     3 |       ||     3
         Olgreb's Toxic Ra |       |       |       |       |       |    61 |    28 ||    89
 Invoke: Slouch            |       |       |       |       |     2 |     2 |     1 ||     5
Ability: Breathe Acid      |       |       |    30 |    29 |    21 |     9 |     1 ||    90
  Evoke: Wand              |       |       |     4 |     7 |     4 |     7 |     1 ||    23
         Tin of tremorston |       |       |       |     2 |     2 |     3 |     2 ||     9
         Phial of floods   |       |       |       |       |     1 |       |     1 ||     2
         Box of beasts     |       |       |       |       |     1 |       |       ||     1
    Use: Scroll            |     5 |     2 |    10 |     9 |     7 |     5 |       ||    38
         Potion            |       |       |       |    11 |     4 |     2 |       ||    17
   Stab: Sleeping          |     1 |     5 |     1 |    16 |    19 |    12 |       ||    54
         Distracted        |       |       |     1 |       |       |     3 |       ||     4
         Confused          |       |       |       |    33 |    19 |       |       ||    52
         Petrified         |       |       |       |       |     1 |       |       ||     1
 Armour: Skin              |    21 |    31 |    48 |   123 |   235 |   138 |    35 ||   631
  Dodge: Dodged            |    29 |    56 |   107 |   349 |   825 |   793 |   153 ||  2312
  Block: Kite shield       |       |       |       |       |   269 |   933 |   161 ||  1363

Table legend: (Time is in decaauts)
 A = Elapsed time spent in this place.
 B = Non-inter-level travel time spent in this place.
 C = Inter-level travel time spent in this place.
 D = Time resting spent in this place.
 E = Time spent auto-exploring this place.
 F = Levels seen in this place.
 G = Mean time per level.
                   A        B        C        D        E       F      G
               +--------+--------+--------+--------+--------+-----+--------+
         Total |  45947 |  42582 |   3365 |   5414 |  27924 |  33 | 1392.3 |
       Dungeon |  18815 |  17108 |   1707 |   1326 |  12509 |  15 | 1254.3 |
        Temple |     16 |     16 |      0 |      0 |      0 |   1 |   16.0 |
          Lair |   9136 |   8439 |    697 |   1568 |   4930 |   5 | 1827.2 |
         Swamp |   5477 |   5260 |    217 |    244 |   3741 |   4 | 1369.2 |
   Spider Nest |   6969 |   6547 |    422 |    723 |   4494 |   4 | 1742.2 |
  Orcish Mines |   3867 |   3547 |    320 |   1036 |   1708 |   2 | 1933.5 |
        Bailey |    806 |    806 |      0 |    349 |    144 |   1 |  806.0 |
      Gauntlet |    859 |    859 |      0 |    167 |    396 |   1 |  859.0 |
               +--------+--------+--------+--------+--------+-----+--------+

Top non-repeatable levels by time:
Spider:3: 3316 daAuts
   Orc:2: 2984 daAuts
    D:13: 2199 daAuts
    D:14: 2178 daAuts
  Lair:5: 2172 daAuts
    D:15: 2138 daAuts
  Lair:4: 1888 daAuts
  Lair:2: 1842 daAuts
Spider:2: 1764 daAuts
    D:12: 1734 daAuts
  Lair:3: 1691 daAuts
 Swamp:4: 1682 daAuts
Spider:1: 1606 daAuts
  Lair:1: 1541 daAuts
 Swamp:3: 1459 daAuts
